 Dungeon Crawl Stone Soup version 0.23-a0-301-g9da9e51 (webtiles) character file.

17514 Gorice the Fighter (level 12, -1/97 HPs)
             Began as a Gnoll Wanderer on Oct 6, 2018.
             Was a High Priest of Cheibriados.
             Slain by a death yak (18 damage)
             ... on level 3 of the Lair of Beasts on Oct 7, 2018.
             The game lasted 01:01:22 (14566 turns).

Gorice the Fighter (Gnoll Wanderer)                Turns: 14566, Time: 01:01:22

Health: -1/97      AC: 20    Str: 30    XL:     12   Next: 48%
Magic:  22/22      EV: 16    Int: 27    God:    Cheibriados [*****.]
Gold:   723        SH:  0    Dex: 31    Spells: 25/25 levels left

rFire    . . .     SeeInvis .   a - +4 long sword "Temeuhue" {slice, rN+ Dex+3}
rCold    + + .     Gourm    .   (no shield)
rNeg     + . .     Faith    .   v - +0 plate armour
rPois    .         Spirit   .   d - +2 hat
rElec    .         Reflect  .   n - +0 cloak
rCorr    .         Harm     .   g - +1 pair of gloves
MR       .....                  j - +0 pair of boots
Stlth    ..........             G - amulet of the acrobat
HPRegen  0.26/turn              c - ring of protection from cold
MPRegen  0.18/turn              m - ring of protection from cold

@: about to teleport, very slow
A: distributed training, fangs 1, strong nose
a: Bend Time, Temporal Distortion, Slouch, Step From Time, Renounce Religion


You were on level 3 of the Lair of Beasts.
You worshipped Cheibriados.
Cheibriados was extremely pleased with you.
You were hungry.

You visited 3 branches of the dungeon, and saw 14 of its levels.
You also visited: Sewer.

You collected 827 gold pieces.
You spent 104 gold pieces at shops.

Inventory:

Hand Weapons
 a - the +4 long sword "Temeuhue" (weapon) {slice, rN+ Dex+3}
   (You found it on level 6 of the Dungeon)

   It inflicts extra damage upon your enemies.
   It affects your dexterity (+3).
   It protects you from negative energy.
 h - a +1 quarterstaff of protection
   (You took it off Joseph on level 8 of the Dungeon)
 B - a +0 blowgun
Missiles
 k - 9 tomahawks (quivered)
 r - 8 curare-tipped needles
 t - 2 steel tomahawks
 Q - 2 javelins
 Z - a throwing net {!f}
Armour
 d - a +2 hat (worn)
 g - a +1 pair of gloves (worn)
 i - a scarf of cloud immunity
   (You found it on level 1 of the Dungeon)
 j - a +0 pair of boots (worn)
 n - a +0 cloak (worn)
 v - a +0 plate armour (worn)
Magical Staves
 l - an uncursed staff of death
Jewellery
 c - a ring of protection from cold (left hand)
 m - a ring of protection from cold (right hand)
 G - an amulet of the acrobat (around neck)
Wands
 b - a wand of iceblast (9)
 q - a wand of paralysis (9)
 s - a wand of acid (6)
 A - a wand of scattershot (4)
 D - a wand of flame (19)
Scrolls
 e - 2 scrolls of amnesia
 y - 6 scrolls of remove curse
 E - 3 scrolls of fog
 H - 3 scrolls of magic mapping {!r}
 I - 6 scrolls of identify
 K - a scroll of blinking
 U - 6 scrolls of teleportation {!r}
Potions
 o - a potion of flight
 z - a potion of magic {!q}
 C - 3 potions of agility {!q}
 L - 2 potions of resistance {!q}
 P - a potion of might {!q}
 V - a potion of heal wounds {!q}
 W - 11 potions of curing
 X - a potion of cancellation {!q}
Comestibles
 f - 21 rations


   Skills:
 + Level 9.8 Fighting
 + Level 7.2 Short Blades
 + Level 7.2 Long Blades
 + Level 7.2 Axes
 + Level 7.2 Maces & Flails
 + Level 7.2 Polearms
 + Level 7.7 Staves
 + Level 7.2 Slings
 + Level 7.2 Bows
 + Level 7.2 Crossbows
 + Level 8.6 Throwing
 + Level 7.2 Armour
 + Level 8.6 Dodging
 + Level 7.6 Stealth
 + Level 7.2 Shields
 + Level 7.7 Unarmed Combat
 + Level 7.2 Spellcasting
 + Level 6.0 Conjurations
 + Level 6.0 Hexes
 + Level 6.0 Charms
 + Level 6.0 Summonings
 + Level 6.0 Necromancy
 + Level 6.0 Translocations
 + Level 6.0 Transmutations
 + Level 6.0 Fire Magic
 + Level 6.0 Ice Magic
 + Level 6.0 Air Magic
 + Level 6.0 Earth Magic
 + Level 6.0 Poison Magic
 + Level 7.9 Invocations
 + Level 7.2 Evocations


You had 25 spell levels left.
You didn't know any spells.
Your spell library contained the following spells:

 Spells                   Type           Power        Failure   Level  Hunger
 Corona                   Hex            #####..      4%          1    None
 Flame Tongue             Conj/Fire      #####        4%          1    None
 Sting                    Conj/Pois      ####         4%          1    None
 Summon Small Mammal      Summ           ####         4%          1    None
 Call Imp                 Summ           #####...     6%          2    None
 Poisonous Vapours        Pois/Air       #####.       6%          2    None
 Slow                     Hex            #####...     6%          2    None
 Throw Flame              Conj/Fire      #####.       6%          2    None
 Call Canine Familiar     Summ           #####...     12%         3    None
 Conjure Flame            Conj/Fire      #####...     12%         3    None
 Inner Flame              Hex/Fire       #####...     12%         3    None
 Mephitic Cloud           Conj/Pois/Air  #####...     12%         3    None
 Portal Projectile        Hex/Tloc       #####.       12%         3    None
 Summon Guardian Golem    Hex/Summ       #####...     12%         3    None
 Cause Fear               Hex            #####.....   38%         4    ##.....
 Ice Form                 Ice/Tmut       #####...     38%         4    ##.....
 Leda's Liquefaction      Hex/Erth       #####.....   38%         4    ##.....
 Olgreb's Toxic Radiance  Pois           #####...     38%         4    ##.....
 Sticky Flame             Conj/Fire      #####...     38%         4    ##.....
 Summon Ice Beast         Ice/Summ       #####...     38%         4    ##.....
 Summon Lightning Spire   Summ/Air       #####...     38%         4    ##.....
 Fireball                 Conj/Fire      #####.....   75%         5    #####..
 Metabolic Englaciation   Hex/Ice        #####.....   75%         5    #####..
 Venom Bolt               Conj/Pois      #####.....   75%         5    #####..
 Bolt of Cold             Conj/Ice       #####.....   99%         6    ######.
 Freezing Cloud           Conj/Ice/Air   #####.....   99%         6    ######.
 Ozocubu's Refrigeration  Ice            #####.....   99%         6    ######.
 Simulacrum               Ice/Necr       #####.....   99%         6    ######.


Dungeon Overview and Level Annotations

Branches:
Dungeon (10/15)            Temple (1/1) D:7            Lair (3/6) D:10
  Snake (0/4) Lair:3          Orc (0/2) D:9
  Swamp: Lair:2-4    Shoals: Lair:2-4

Altars:
Ashenzari
Cheibriados
Dithmenos
Elyvilon
Fedhas
Gozag
Hepliaklqana
Kikubaaqudgha
Makhleb
Nemelex Xobeh
Okawaru
Qazlal
Ru
Sif Muna
Trog
Uskayaw
Vehumet
Wu Jian
Xom
Yredelemnul
Zin
The Shining One

Shops:
D:8 ![[?


Innate Abilities, Weirdness & Mutations

Your experience applies equally to all skills.
You have very sharp teeth.
Your uncanny sense of smell can sniff out nearby items.


Message History

A death yak comes into view.
The death yak barely misses you.
The death yak bellows!
You hit the death yak but do no damage.
You bite the death yak, but do no damage.
The death yak is severely wounded.
You hear a loud, deep croak!
You hear an angry hiss.
The death yak gores you.
You hear an angry hiss.
Damage: 5 (max 19)
You hit the death yak. You bite the death yak.
The death yak is severely wounded.
The death yak gores you!
* * * LOW HITPOINT WARNING * * *
A bullfrog comes into view.
Damage: 14 (max 19)
You hit the death yak.
The death yak is almost dead.
The death yak gores you.
* * * LOW HITPOINT WARNING * * *
Damage: 5 (max 19)
You slash the death yak!
The death yak is almost dead.
The death yak gores you!
* * * LOW HITPOINT WARNING * * *
Damage: 16 (max 19)
You hit the death yak. You bite the death yak.
You kill the death yak!
Cheibriados thoroughly appreciates the change of pace.
Your Conjurations skill increases to level 6!
Your Hexes skill increases to level 6!
Your Charms skill increases to level 6!
Your Summonings skill increases to level 6!
Your Necromancy skill increases to level 6!
Your Translocations skill increases to level 6!
Your Transmutations skill increases to level 6!
Your Fire Magic skill increases to level 6!
Your Ice Magic skill increases to level 6!
Your Air Magic skill increases to level 6!
Your Earth Magic skill increases to level 6!
Your Poison Magic skill increases to level 6!
Unknown command.
Evoke which item? (* to show all) (? for menu, Esc to quit)
Aiming: Paralyse
Press: ? - help, Shift-Dir - straight line, f - death yak
Aim: a death yak (chance to defeat MR: 8%)
Okay, then.
Really read
U - 7 scrolls of teleportation {!r}?
As you read the scroll of teleportation {!r}, it crumbles to dust.
You feel strangely unstable. The death yak gores you!!
You die...

.##.........#...###. #.#
...#..PP...###### #.#
.........### #..
.........## #..
...####...#
..#.......#### ##
...........#### ..#
...........P##.####...###
...............@YF(......
..##.......#.######.#..#.
.. #####...............
#...............Y..
###...[.....YY......
##P##........P.... ##
##.......#.. .
##..##.P... #### .....


You could see a death yak and a bullfrog.

Vanquished Creatures
  A two-headed ogre (D:8)
  3 death yaks (Lair:3)
  Sonja (Lair:3)
  Nergalle (Lair:2)
  Pikel (D:7)
  An elephant (D:10)
  2 black mambas
  A gargoyle (D:10)
  Joseph (D:8)
  4 spiny frogs
  A komodo dragon (Lair:2)
  A troll (D:10)
  3 hippogriffs
  3 blink frogs (Lair:3)
  11 yaks
  4 wyverns
  A basilisk (D:10)
  2 hungry ghosts
  A steam dragon (D:8)
  7 water moccasins
  5 orc warriors
  A black bear (D:10)
  Purgy (Sewer)
  4 sky beasts
  A necrophage (D:9)
  8 ice beasts
  3 phantoms
  3 ogres
  5 wolves (Lair:3)
  7 crocodiles
  3 big kobolds
  5 bullfrogs
  4 scorpions
  5 wights (D:10)
  3 howler monkeys (D:9)
  7 crimson imps
  3 hounds
  Crazy Yiuf (D:6)
  A jelly (D:10)
  3 gnoll shamans
  An orc priest (D:6)
  2 iguanas (D:8)
  3 bullfrog skeletons
  A centaur skeleton (D:4)
  6 orc wizards
  8 worker ants
  2 hound skeletons
  30 gnolls
  15 adders
  3 shadow imps
  2 adder skeletons
  6 worms
  3 dart slugs
  4 leopard geckos
  20 orcs
  4 giant cockroaches
  5 goblins
  7 hobgoblins
  26 jackals
  5 quokkas
  3 ball pythons
  5 bats
  5 frilled lizards
  A jackal skeleton (D:5)
  21 kobolds
  A leopard gecko skeleton (D:4)
  A quokka skeleton (D:4)
  6 rats
319 creatures vanquished.

Vanquished Creatures (others)
  3 slaves (D:7)
  A scorpion (D:7)
  An orc (D:7)
  2 fungi (Lair:2)
  A plant (Lair:2)
8 creatures vanquished.

Grand Total: 327 creatures vanquished

Notes
Turn   | Place    | Note
-------+----------+-------------------------------------------
     0 | D:1      | Gorice the Gnoll Wanderer began the quest for the Orb.
     0 | D:1      | Gorice set off with: a +2 leather armour, a scroll of
                  | teleportation {!r}, a potion of curing, a +0 club, a ration
     0 | D:1      | Reached XP level 1. HP: 23/23 MP: 1/1
   320 | D:1      | Reached XP level 2. HP: 29/29 MP: 2/2
  1091 | D:2      | Reached XP level 3. HP: 35/35 MP: 3/3
  1306 | D:2      | Reached skill level 1 in Invocations
  1342 | D:2      | Reached skill level 1 in Short Blades
  1342 | D:2      | Reached skill level 1 in Long Blades
  1342 | D:2      | Reached skill level 1 in Axes
  1342 | D:2      | Reached skill level 1 in Maces & Flails
  1342 | D:2      | Reached skill level 1 in Polearms
  1342 | D:2      | Reached skill level 1 in Slings
  1342 | D:2      | Reached skill level 1 in Bows
  1342 | D:2      | Reached skill level 1 in Crossbows
  1342 | D:2      | Reached skill level 1 in Armour
  1342 | D:2      | Reached skill level 1 in Shields
  1342 | D:2      | Reached skill level 1 in Spellcasting
  1342 | D:2      | Reached skill level 1 in Evocations
  1357 | D:2      | HP: 10/35 [kobold/short sword (3)]
  1359 | D:2      | Reached XP level 4. HP: 11/41 MP: 5/5
  2750 | D:2      | Reached skill level 1 in Conjurations
  2750 | D:2      | Reached skill level 1 in Hexes
  2750 | D:2      | Reached skill level 1 in Charms
  2750 | D:2      | Reached skill level 1 in Summonings
  2750 | D:2      | Reached skill level 1 in Necromancy
  2750 | D:2      | Reached skill level 1 in Translocations
  2750 | D:2      | Reached skill level 1 in Transmutations
  2750 | D:2      | Reached skill level 1 in Fire Magic
  2750 | D:2      | Reached skill level 1 in Ice Magic
  2750 | D:2      | Reached skill level 1 in Air Magic
  2750 | D:2      | Reached skill level 1 in Earth Magic
  2750 | D:2      | Reached skill level 1 in Poison Magic
  3096 | D:3      | Reached XP level 5. HP: 44/47 MP: 6/6
  3400 | D:3      | Reached skill level 3 in Staves
  3400 | D:3      | Reached skill level 3 in Unarmed Combat
  3719 | D:3      | Reached XP level 6. HP: 50/53 MP: 8/8
  3722 | D:3      | Reached skill level 2 in Invocations
  3733 | D:3      | Reached skill level 3 in Stealth
  3999 | D:3      | Reached skill level 5 in Throwing
  3999 | D:3      | Reached skill level 5 in Dodging
  4015 | D:3      | HP: 12/53 [gnoll/spear (6)]
  4016 | D:3      | Reached skill level 2 in Short Blades
  4016 | D:3      | Reached skill level 2 in Long Blades
  4016 | D:3      | Reached skill level 2 in Axes
  4016 | D:3      | Reached skill level 2 in Maces & Flails
  4016 | D:3      | Reached skill level 2 in Polearms
  4016 | D:3      | Reached skill level 2 in Slings
  4016 | D:3      | Reached skill level 2 in Bows
  4016 | D:3      | Reached skill level 2 in Crossbows
  4016 | D:3      | Reached skill level 2 in Armour
  4016 | D:3      | Reached skill level 2 in Shields
  4016 | D:3      | Reached skill level 2 in Spellcasting
  4016 | D:3      | Reached skill level 2 in Evocations
  4024 | D:3      | HP: 9/53 [gnoll/spear (5)]
  4884 | D:3      | Reached XP level 7. HP: 59/59 MP: 10/10
  5162 | D:4      | Reached skill level 7 in Fighting
  5402 | D:4      | Reached skill level 2 in Conjurations
  5402 | D:4      | Reached skill level 2 in Hexes
  5402 | D:4      | Reached skill level 2 in Charms
  5402 | D:4      | Reached skill level 2 in Summonings
  5402 | D:4      | Reached skill level 2 in Necromancy
  5402 | D:4      | Reached skill level 2 in Translocations
  5402 | D:4      | Reached skill level 2 in Transmutations
  5402 | D:4      | Reached skill level 2 in Fire Magic
  5402 | D:4      | Reached skill level 2 in Ice Magic
  5402 | D:4      | Reached skill level 2 in Air Magic
  5402 | D:4      | Reached skill level 2 in Earth Magic
  5402 | D:4      | Reached skill level 2 in Poison Magic
  5768 | D:4      | Reached skill level 3 in Invocations
  5886 | D:5      | Entered Level 5 of the Dungeon
  5977 | D:5      | Reached XP level 8. HP: 67/67 MP: 12/12
  6145 | D:5      | Found a glowing drain.
  6220 | Sewer    | Entered a sewer
  6317 | Sewer    | Noticed Purgy
  6327 | Sewer    | Killed Purgy
  6327 | Sewer    | Reached skill level 3 in Short Blades
  6327 | Sewer    | Reached skill level 3 in Long Blades
  6327 | Sewer    | Reached skill level 3 in Axes
  6327 | Sewer    | Reached skill level 3 in Maces & Flails
  6327 | Sewer    | Reached skill level 3 in Polearms
  6327 | Sewer    | Reached skill level 4 in Staves
  6327 | Sewer    | Reached skill level 3 in Slings
  6327 | Sewer    | Reached skill level 3 in Bows
  6327 | Sewer    | Reached skill level 3 in Crossbows
  6327 | Sewer    | Reached skill level 3 in Armour
  6327 | Sewer    | Reached skill level 3 in Shields
  6327 | Sewer    | Reached skill level 4 in Unarmed Combat
  6327 | Sewer    | Reached skill level 3 in Spellcasting
  6327 | Sewer    | Reached skill level 3 in Evocations
  7002 | D:5      | Reached skill level 4 in Stealth
  7063 | D:6      | Found a radiant altar of Vehumet.
  7079 | D:6      | Got a translucent long sword
  7087 | D:6      | Identified the +4 long sword "Temeuhue" {slice, rN+ Dex+3}
                  | (You found it on level 6 of the Dungeon)
  7142 | D:6      | Found a shattered altar of Ashenzari.
  7228 | D:6      | HP: 20/67 [orc warrior/war axe (13)]
  7230 | D:6      | Reached skill level 3 in Conjurations
  7230 | D:6      | Reached skill level 3 in Hexes
  7230 | D:6      | Reached skill level 3 in Charms
  7230 | D:6      | Reached skill level 3 in Summonings
  7230 | D:6      | Reached skill level 3 in Necromancy
  7230 | D:6      | Reached skill level 3 in Translocations
  7230 | D:6      | Reached skill level 3 in Transmutations
  7230 | D:6      | Reached skill level 3 in Fire Magic
  7230 | D:6      | Reached skill level 3 in Ice Magic
  7230 | D:6      | Reached skill level 3 in Air Magic
  7230 | D:6      | Reached skill level 3 in Earth Magic
  7230 | D:6      | Reached skill level 3 in Poison Magic
  7230 | D:6      | Reached skill level 4 in Invocations
  7513 | D:6      | Found a runed door.
  7517 | D:6      | Noticed Crazy Yiuf
  7521 | D:6      | Killed Crazy Yiuf
  7590 | D:6      | Reached XP level 9. HP: 64/72 MP: 14/14
  7688 | D:7      | Found a staircase to the Ecumenical Temple.
  7698 | Temple   | Entered the Ecumenical Temple
  7887 | Temple   | Became a worshipper of Cheibriados the Contemplative
  7935 | D:7      | Found a shadowy altar of Dithmenos.
  7935 | D:7      | Found an ornate altar of the Wu Jian Council.
  8001 | D:7      | Reached skill level 6 in Throwing
  8001 | D:7      | Reached skill level 6 in Dodging
  8055 | D:7      | Noticed Pikel
  8077 | D:7      | Killed Pikel
  8077 | D:7      | Reached skill level 4 in Short Blades
  8077 | D:7      | Reached skill level 4 in Long Blades
  8077 | D:7      | Reached skill level 4 in Axes
  8077 | D:7      | Reached skill level 4 in Maces & Flails
  8077 | D:7      | Reached skill level 4 in Polearms
  8077 | D:7      | Reached skill level 4 in Slings
  8077 | D:7      | Reached skill level 4 in Bows
  8077 | D:7      | Reached skill level 4 in Crossbows
  8077 | D:7      | Reached skill level 4 in Armour
  8077 | D:7      | Reached skill level 4 in Shields
  8077 | D:7      | Reached skill level 4 in Spellcasting
  8077 | D:7      | Reached skill level 4 in Evocations
  8232 | D:7      | Found an opulent altar of Gozag.
  8463 | D:7      | Reached skill level 5 in Staves
  8463 | D:7      | Reached skill level 5 in Unarmed Combat
  8523 | D:7      | Reached skill level 5 in Stealth
  8552 | D:7      | Paralysed by fainting for 5 turns
  8565 | D:7      | Reached skill level 8 in Fighting
  8945 | D:8      | Reached skill level 5 in Invocations
  8963 | D:8      | Reached * piety under Cheibriados
  9277 | D:8      | Reached XP level 10. HP: 80/80 MP: 17/17
  9296 | D:8      | Found Jifom's Magic Scroll Shoppe.
  9297 | D:8      | Found Hiyn Bedubb's Armour Shoppe.
  9313 | D:8      | Noticed a two-headed ogre
  9326 | D:8      | Killed a two-headed ogre
  9326 | D:8      | Reached skill level 5 in Short Blades
  9326 | D:8      | Reached skill level 5 in Long Blades
  9326 | D:8      | Reached skill level 5 in Axes
  9326 | D:8      | Reached skill level 5 in Maces & Flails
  9326 | D:8      | Reached skill level 5 in Polearms
  9326 | D:8      | Reached skill level 5 in Slings
  9326 | D:8      | Reached skill level 5 in Bows
  9326 | D:8      | Reached skill level 5 in Crossbows
  9326 | D:8      | Reached skill level 5 in Armour
  9326 | D:8      | Reached skill level 5 in Shields
  9326 | D:8      | Reached skill level 5 in Spellcasting
  9326 | D:8      | Reached skill level 4 in Conjurations
  9326 | D:8      | Reached skill level 4 in Hexes
  9326 | D:8      | Reached skill level 4 in Charms
  9326 | D:8      | Reached skill level 4 in Summonings
  9326 | D:8      | Reached skill level 4 in Necromancy
  9326 | D:8      | Reached skill level 4 in Translocations
  9326 | D:8      | Reached skill level 4 in Transmutations
  9326 | D:8      | Reached skill level 4 in Fire Magic
  9326 | D:8      | Reached skill level 4 in Ice Magic
  9326 | D:8      | Reached skill level 4 in Air Magic
  9326 | D:8      | Reached skill level 4 in Earth Magic
  9326 | D:8      | Reached skill level 4 in Poison Magic
  9326 | D:8      | Reached skill level 5 in Evocations
  9391 | D:8      | Noticed Joseph
  9419 | D:8      | Killed Joseph
  9419 | D:8      | Reached skill level 7 in Throwing
  9419 | D:8      | Reached skill level 7 in Dodging
  9560 | D:8      | Found a white marble altar of Elyvilon.
  9563 | D:8      | Found Piampy's Armour Shoppe.
  9646 | D:8      | Reached ** piety under Cheibriados
  9678 | D:8      | Found Yban's Distillery.
  9688 | D:8      | Bought a potion of cancellation for 104 gold pieces
 10122 | D:8      | Reached skill level 6 in Staves
 10122 | D:8      | Reached skill level 6 in Unarmed Combat
 10412 | D:9      | Reached skill level 6 in Stealth
 10458 | D:9      | Reached skill level 6 in Invocations
 10763 | D:9      | Found a staircase to the Orcish Mines.
 10769 | D:9      | Reached *** piety under Cheibriados
 11347 | D:9      | Identified a scroll of acquirement
 11348 | D:9      | Got an iridescent glaive
 11349 | D:9      | Identified the +1 glaive "Qonuor" {freeze, MR+ Str-3 Int+6}
                  | (You acquired it on level 9 of the Dungeon)
 11379 | D:9      | Upgraded the game from 0.23-a0-299-g9a66eeb to
                  | 0.23-a0-301-g9da9e51
 11381 | D:10     | Entered Level 10 of the Dungeon
 11589 | D:10     | Reached XP level 11. HP: 67/87 MP: 19/19
 11715 | D:10     | Found a staircase to the Lair.
 11746 | D:10     | Reached **** piety under Cheibriados
 11793 | D:10     | Reached skill level 9 in Fighting
 11811 | D:10     | Reached skill level 6 in Short Blades
 11811 | D:10     | Reached skill level 6 in Long Blades
 11811 | D:10     | Reached skill level 6 in Axes
 11811 | D:10     | Reached skill level 6 in Maces & Flails
 11811 | D:10     | Reached skill level 6 in Polearms
 11811 | D:10     | Reached skill level 6 in Slings
 11811 | D:10     | Reached skill level 6 in Bows
 11811 | D:10     | Reached skill level 6 in Crossbows
 11811 | D:10     | Reached skill level 6 in Armour
 11811 | D:10     | Reached skill level 6 in Shields
 11811 | D:10     | Reached skill level 6 in Spellcasting
 11811 | D:10     | Reached skill level 6 in Evocations
 11854 | D:10     | Reached skill level 5 in Conjurations
 11854 | D:10     | Reached skill level 5 in Hexes
 11854 | D:10     | Reached skill level 5 in Charms
 11854 | D:10     | Reached skill level 5 in Summonings
 11854 | D:10     | Reached skill level 5 in Necromancy
 11854 | D:10     | Reached skill level 5 in Translocations
 11854 | D:10     | Reached skill level 5 in Transmutations
 11854 | D:10     | Reached skill level 5 in Fire Magic
 11854 | D:10     | Reached skill level 5 in Ice Magic
 11854 | D:10     | Reached skill level 5 in Air Magic
 11854 | D:10     | Reached skill level 5 in Earth Magic
 11854 | D:10     | Reached skill level 5 in Poison Magic
 12024 | Lair:1   | Entered Level 1 of the Lair of Beasts
 13097 | Lair:2   | Reached skill level 7 in Invocations
 13192 | Lair:2   | Reached skill level 7 in Staves
 13192 | Lair:2   | Reached skill level 8 in Throwing
 13192 | Lair:2   | Reached skill level 8 in Dodging
 13192 | Lair:2   | Reached skill level 7 in Unarmed Combat
 13322 | Lair:2   | Noticed Nergalle
 13338 | Lair:2   | Killed Nergalle
 13338 | Lair:2   | Reached skill level 7 in Stealth
 13493 | Lair:2   | Reached ***** piety under Cheibriados
 13493 | Lair:2   | Reached XP level 12. HP: 96/96 MP: 22/22
 13953 | Lair:3   | Found a staircase to the Snake Pit.
 14192 | Lair:3   | Noticed Sonja
 14195 | Lair:3   | Killed Sonja
 14195 | Lair:3   | Reached skill level 7 in Short Blades
 14195 | Lair:3   | Reached skill level 7 in Long Blades
 14195 | Lair:3   | Reached skill level 7 in Axes
 14195 | Lair:3   | Reached skill level 7 in Maces & Flails
 14195 | Lair:3   | Reached skill level 7 in Polearms
 14195 | Lair:3   | Reached skill level 7 in Slings
 14195 | Lair:3   | Reached skill level 7 in Bows
 14195 | Lair:3   | Reached skill level 7 in Crossbows
 14195 | Lair:3   | Reached skill level 7 in Armour
 14195 | Lair:3   | Reached skill level 7 in Shields
 14195 | Lair:3   | Reached skill level 7 in Spellcasting
 14195 | Lair:3   | Reached skill level 7 in Evocations
 14323 | Lair:3   | Noticed a death yak
 14323 | Lair:3   | Noticed a death yak
 14342 | Lair:3   | Killed a death yak
 14356 | Lair:3   | Killed a death yak
 14548 | Lair:3   | Noticed a death yak
 14548 | Lair:3   | Noticed a death yak
 14560 | Lair:3   | Noticed a death yak
 14564 | Lair:3   | HP: 17/97 [death yak (16)]
 14565 | Lair:3   | Killed a death yak
 14565 | Lair:3   | Reached skill level 6 in Conjurations
 14565 | Lair:3   | Reached skill level 6 in Hexes
 14565 | Lair:3   | Reached skill level 6 in Charms
 14565 | Lair:3   | Reached skill level 6 in Summonings
 14565 | Lair:3   | Reached skill level 6 in Necromancy
 14565 | Lair:3   | Reached skill level 6 in Translocations
 14565 | Lair:3   | Reached skill level 6 in Transmutations
 14565 | Lair:3   | Reached skill level 6 in Fire Magic
 14565 | Lair:3   | Reached skill level 6 in Ice Magic
 14565 | Lair:3   | Reached skill level 6 in Air Magic
 14565 | Lair:3   | Reached skill level 6 in Earth Magic
 14565 | Lair:3   | Reached skill level 6 in Poison Magic
 14566 | Lair:3   | Slain by a death yak

Vault maps used:
D:1:      evilmike_arrival_plus
D:2:      first_ration
D:3:      lemuel_castle_with_subvaults
D:4:      cheibrodos_helix_gallery
D:5:      portal_sewer_entry_a
D:6:      vehumet_altar_wand_db, cheibrodos_ashenzari_chains,
          uniq_crazy_yiuf_cottage
D:7:      chequers_temple_overflow_statue_of_worship,
          minmay_temple_entry_crystal_x, basic_altar, grunt_decor_clamped,
          uniq_pikel
D:8:      lemuel_crystal_altar, serial_shops, shop, shop, shop, shop,
          uniq_joseph
D:9:      orc_0_dummy, serial_co_window_serial, co_window_paths_a,
          co_window_corner_a, co_window_corner_a, co_window_paths_a,
          co_window_paths_a, co_window_broadway_c, co_window_unsneaky_path_a,
          co_window_broadway_b, co_window_corner_b, co_window_broadway_c,
          co_window_2corner, co_window_unsneaky_path_b, co_window_4corner_b,
          glass_columns_c
D:10:     david_lair_generic
Temple:   eino_narrow_crystal_temple
Lair:2:   uniq_nergalle
Lair:3:   minmay_swamp_entry_worms, minmay_snake_entry_six_corridors,
          ebering_ghost_funeral_grove, beast_lair_carwin_3, uniq_sonja
Sewer:    sewer_the_crocodile

Skill      XL: |  1  2  3  4  5  6  7  8  9 10 11 12 |
---------------+-------------------------------------+-----
Invocations    | 1 2 3 4 5 6 7 |  7.9
Short Blades   | 1 2 3 4 5 6 7 |  7.2
Long Blades    | 1 2 3 4 5 6 7 |  7.2
Axes           | 1 2 3 4 5 6 7 |  7.2
Maces & Flails | 1 2 3 4 5 6 7 |  7.2
Polearms       | 1 2 3 4 5 6 7 |  7.2
Slings         | 1 2 3 4 5 6 7 |  7.2
Bows           | 1 2 3 4 5 6 7 |  7.2
Crossbows      | 1 2 3 4 5 6 7 |  7.2
Armour         | 1 2 3 4 5 6 7 |  7.2
Shields        | 1 2 3 4 5 6 7 |  7.2
Spellcasting   | 1 2 3 4 5 6 7 |  7.2
Evocations     | 1 2 3 4 5 6 7 |  7.2
Conjurations   | 1 2 3 4 5 6 |  6.0
Hexes          | 1 2 3 4 5 6 |  6.0
Charms         | 1 2 3 4 5 6 |  6.0
Summonings     | 1 2 3 4 5 6 |  6.0
Necromancy     | 1 2 3 4 5 6 |  6.0
Translocations | 1 2 3 4 5 6 |  6.0
Transmutations | 1 2 3 4 5 6 |  6.0
Fire Magic     | 1 2 3 4 5 6 |  6.0
Ice Magic      | 1 2 3 4 5 6 |  6.0
Air Magic      | 1 2 3 4 5 6 |  6.0
Earth Magic    | 1 2 3 4 5 6 |  6.0
Poison Magic   | 1 2 3 4 5 6 |  6.0
Staves         | 3 4 5 6 7 |  7.7
Unarmed Combat | 3 4 5 6 7 |  7.7
Stealth        | 3 4 5 6 7 |  7.6
Throwing       | 5 6 7 8 |  8.6
Dodging        | 5 6 7 8 |  8.6
Fighting       | 7 8 9 |  9.8

Action                   |  1- 3 |  4- 6 |  7- 9 | 10-12 || total
-------------------------+-------+-------+-------+-------++-------
Melee: Club              |   131 |       |       |       ||   131
       Bite              |    12 |    75 |    65 |   110 ||   262
       Punch             |     1 |     6 |     4 |    24 ||    35
       Short sword       |       |    58 |    21 |       ||    79
       Rapier            |       |   391 |    25 |       ||   416
       Flail             |       |       |   200 |       ||   200
       Long sword        |       |       |   190 |   425 ||   615
       Halberd           |       |       |    10 |       ||    10
 Fire: Hunting sling     |       |       |       |    10 ||    10
Throw: Stone             |     9 |     8 |    39 |       ||    56
       Tomahawk          |       |       |    22 |    56 ||    78
       Throwing net      |       |       |       |     1 ||     1
Evoke: Wand              |       |       |     4 |     2 ||     6
  Use: Scroll            |       |     4 |    10 |    11 ||    25
 Stab: Sleeping          |     4 |       |     1 |       ||     5
       Held in net/web   |       |       |       |     1 ||     1
       Paralysed         |       |       |       |     1 ||     1
  Eat: Chunk             |     2 |     7 |    11 |     8 ||    28
       Ration            |       |     1 |     3 |       ||     4
Armor: Leather armour    |    43 |    10 |       |       ||    53
       Scale mail        |       |   151 |    46 |       ||   197
       Plate armour      |       |       |   271 |   190 ||   461
Dodge: Dodged            |   132 |   334 |   249 |   306 ||  1021
       Rpst.: Long sword |       |       |    26 |    88 ||   114

Table legend:
 A = Non-vault XP
 B = Vault XP
 C = Vault XP percentage of total XP
 D = Non-vault monster count
 E = Vault monster count
 F = Vault count percentage of total count
                 A         B        C        D         E       F
            +---------+---------+-------+---------+---------+-------
      Total |   19239 |    5781 |  23.1 |     237 |      82 |  25.7
            +---------+---------+-------+---------+---------+-------
        D:1 |      28 |       0 |   0.0 |      16 |       0 |   0.0
        D:2 |      81 |      62 |  43.4 |      20 |       6 |  23.1
        D:3 |     109 |     484 |  81.6 |      16 |      44 |  73.3
        D:4 |     290 |      43 |  12.9 |      19 |       2 |   9.5
        D:5 |     439 |      10 |   2.2 |       8 |       4 |  33.3
        D:6 |     621 |      45 |   6.8 |      14 |       2 |  12.5
        D:7 |     978 |     651 |  40.0 |      14 |       1 |   6.7
        D:8 |    2830 |     412 |  12.7 |      40 |       1 |   2.4
        D:9 |    1365 |       0 |   0.0 |      21 |       0 |   0.0
       D:10 |    2122 |     992 |  31.9 |      29 |       4 |  12.1
     Lair:1 |    1781 |       0 |   0.0 |       9 |       0 |   0.0
     Lair:2 |    4138 |     769 |  15.7 |      17 |       1 |   5.6
     Lair:3 |    4457 |    2169 |  32.7 |      14 |      11 |  44.0
      Sewer |       0 |     144 | 100.0 |       0 |       6 | 100.0
            +---------+---------+-------+---------+---------+-------

Table legend:
 A = Turns spent in this place as a percentage of turns spent in the entire game.
 B = Non-inter-level travel turns spent in this place as a percentage of non-inter-level travel turns spent in the entire game.
 C = Inter-level travel turns spent in this place as a percentage of turns spent in this place.
 D = Turns resting spent in this place as a percentage of non-inter-level travel turns spent in this place.
 E = Turns spent auto-exploring this place as a percentage of non-inter-level travel turns spent in this place.
 F = Non-inter-level travel turns spent in this place divided by the number of levels of this place that you've seen.
                   A       B       C       D       E      F
               +-------+-------+-------+-------+-------+----------------------
         Total | 100.0 | 100.0 |   2.7 |  20.3 |  45.2 | 945.3
       Dungeon |  80.1 |  79.9 |   2.9 |  18.3 |  44.7 | 1132.8
        Temple |   1.3 |   1.2 |   9.7 |   0.0 |  97.2 | 177.0
          Lair |  17.5 |  17.7 |   1.3 |  30.9 |  45.4 | 836.7
         Sewer |   1.1 |   1.2 |   0.0 |  20.1 |  23.8 | 164.0
               +-------+-------+-------+-------+-------+----------------------

Vault maps used:
D:1:      evilmike_arrival_plus
D:2:      first_ration
D:3:      lemuel_castle_with_subvaults
D:4:      cheibrodos_helix_gallery
D:5:      portal_sewer_entry_a
D:6:      vehumet_altar_wand_db, cheibrodos_ashenzari_chains,
          uniq_crazy_yiuf_cottage
D:7:      chequers_temple_overflow_statue_of_worship,
          minmay_temple_entry_crystal_x, basic_altar, grunt_decor_clamped,
          uniq_pikel
D:8:      lemuel_crystal_altar, serial_shops, shop, shop, shop, shop,
          uniq_joseph
D:9:      orc_0_dummy, serial_co_window_serial, co_window_paths_a,
          co_window_corner_a, co_window_corner_a, co_window_paths_a,
          co_window_paths_a, co_window_broadway_c, co_window_unsneaky_path_a,
          co_window_broadway_b, co_window_corner_b, co_window_broadway_c,
          co_window_2corner, co_window_unsneaky_path_b, co_window_4corner_b,
          glass_columns_c
D:10:     david_lair_generic
Temple:   eino_narrow_crystal_temple
Lair:2:   uniq_nergalle
Lair:3:   minmay_swamp_entry_worms, minmay_snake_entry_six_corridors,
          ebering_ghost_funeral_grove, beast_lair_carwin_3, uniq_sonja
Sewer:    sewer_the_crocodile
